 Dungeon Crawl Stone Soup version 0.30.1-11-g7821555f0a (webtiles) character file.

Game seed: 6393880701135994268

184 Ijustatesigmund the Magician (level 5, 0/30 HPs)
             Began as a Deep Elf Earth Elementalist on Dec 12, 2023.
             Slain by Duvessa
             ... wielding a +0 rapier
              (12 damage)
             ... on level 4 of the Dungeon.
             The game lasted 00:06:16 (2974 turns).

Ijustatesigmund the Magician (DEEE)                 Turns: 2974, Time: 00:06:16

Health: 0/30       AC:  6    Str:  5    XL:     5   Next: 36%
Magic:  2/13       EV: 12    Int: 22    God:
Gold:   63         SH:  0    Dex: 15    Spells: 9/13 levels left

rFire   . . .        c - +0 rapier
rCold   . . .        (no shield)
rNeg    . . .        a - +0 robe
rPois   .            k - +2 helmet
rElec   .            (no cloak)
rCorr   .            (no gloves)
SInv    .            l - +0 pair of boots
Will    .....        i - amulet of regeneration
Stlth   ++           (no ring)
HPRegen 1.05/turn    (no ring)
MPRegen 0.13/turn

%: no passive effects
@: hasted (expiring), very quick
A: no striking features
a: no special abilities


You were on level 4 of the Dungeon.
You visited 1 branch of the dungeon, and saw 4 of its levels.

You collected 102 gold pieces.
You spent 39 gold pieces at shops.

Inventory:

Hand Weapons
 c - a +0 rapier (weapon)
Armour
 a - a +0 robe (worn)
 k - a +2 helmet (worn)
 l - a +0 pair of boots (worn)
Jewellery
 i - an amulet of regeneration (around neck)
Scrolls
 h - a scroll of amnesia {unknown}
 j - a scroll of fear
 m - a scroll of fog
 n - a scroll of immolation {unknown}
 o - a scroll of brand weapon {unknown}
 s - a scroll of enchant weapon {unknown}
Potions
 b - a potion of magic
 d - a potion of curing
 f - 2 potions of mutation
 p - 2 potions of attraction
 q - a potion of flight {unknown}


   Skills:
 + Level 2.0 Fighting
 - Level 2.4 Dodging
 - Level 2.4 Stealth
 + Level 4.6 Spellcasting
 + Level 2.1 Conjurations
 - Level 1.1 Transmutations
 + Level 4.5 Earth Magic


You had 9 spell levels left.
You knew the following spells:

 Your Spells              Type           Power      Damage    Failure   Level
a - Sandblast             Erth           48%        2d12      1%          1
b - Stone Arrow           Conj/Erth      38%        3d9       9%          3

Your spell library contained the following spells:

 Spells                   Type           Power      Damage    Failure   Level
 Passwall                 Tmut/Erth      14%        N/A       4%          2
 Petrify                  Tmut/Erth      17%        N/A       32%         4


Dungeon Overview and Level Annotations

Branches:
Dungeon (4/15)
 Temple: D:4-7

Altars:
Makhleb
Trog

Shops:
D:1 !   D:2 !   D:4 (

Annotations:
D:2 1 runed translucent door, Crazy Yiuf
D:3 3 runed translucent doors, Sigmund; lasso's ghost, amateur DEFE
D:4 Duvessa


Message History

Aim: Duvessa, wielding a +0 rapier and wearing a +0 ring mail (lightly wounded, berserk, 87% to hit)
The blast of sand hits Duvessa.
Duvessa is lightly wounded.
Duvessa closely misses you.
Your magical contamination has completely faded away.
Casting: Sandblast (safe; 1% risk of failure)
Confirm with . or Enter, or press ? or * to list all spells.
Aiming: Sandblast (safe; 1% risk of failure)
Press: ? - help, Shift-Dir - straight line, f/p - Duvessa
Aim: Duvessa, wielding a +0 rapier and wearing a +0 ring mail (lightly wounded, berserk, 87% to hit)
The blast of sand hits Duvessa.
Duvessa is moderately wounded.
Duvessa hits you with a +0 rapier! x2
Casting: Sandblast (safe; 1% risk of failure)
Confirm with . or Enter, or press ? or * to list all spells.
The spell is quite dangerous to miscast (9% risk of failure)!
Continue anyway? [Y]es or [N]o only, please.
The spell is quite dangerous to miscast (9% risk of failure)!
Continue anyway?
Aiming: Stone Arrow (quite dangerous; 9% risk of failure)
Press: ? - help, Shift-Dir - straight line, f/p - Duvessa
Aim: Duvessa, wielding a +0 rapier and wearing a +0 ring mail (moderately wounded, berserk, 77% to hit)
The stone arrow misses Duvessa.
Duvessa hits you but does no damage.
Casting: Stone Arrow (quite dangerous; 9% risk of failure)
Confirm with . or Enter, or press ? or * to list all spells.
Aiming: Sandblast (safe; 1% risk of failure)
Press: ? - help, Shift-Dir - straight line, f/p - Duvessa
Aim: Duvessa, wielding a +0 rapier and wearing a +0 ring mail (moderately wounded, berserk, 87% to hit)
The blast of sand hits Duvessa but does no damage.
Duvessa is moderately wounded.
Your extra speed is starting to run out.
Duvessa closely misses you. Duvessa barely misses you.
Casting: Sandblast (safe; 1% risk of failure)
Confirm with . or Enter, or press ? or * to list all spells.
Aiming: Sandblast (safe; 1% risk of failure)
Press: ? - help, Shift-Dir - straight line, f/p - Duvessa
Aim: Duvessa, wielding a +0 rapier and wearing a +0 ring mail (moderately wounded, berserk, 87% to hit)
The blast of sand hits Duvessa but does no damage.
Duvessa is moderately wounded.
Duvessa hits you with a +0 rapier!
You die...

######
#....#
##.##.#
#<..#.#
#.....#
#.....#
#.#...#
#e#####
#@....#
#####.# #.#
#.#######.#
#..[......#
#∩.########
#. #


You could see Duvessa (berserk).

Vanquished Creatures
  Dowan (D:4)
  Jessica (D:3)
  Terence (D:3)
  A gnoll (D:1)
  3 adders
  A worm (D:3)
  3 ball pythons
  2 endoplasms
  4 giant cockroaches
  8 goblins
  2 hobgoblins (D:2)
  3 jackals (D:1)
  2 quokkas
  A bat (D:1)
  2 frilled lizards
  4 kobolds
  5 rats
44 creatures vanquished.

Notes
Turn   | Place    | Note
-------+----------+-------------------------------------------
     0 | D:1      | Ijustatesigmund the Deep Elf Earth Elementalist began the
                  | quest for the Orb.
     0 | D:1      | Reached XP level 1. HP: 10/10 MP: 6/6
   176 | D:1      | Reached XP level 2. HP: 16/16 MP: 5/8
   301 | D:1      | Found Ybyecholiy's Distillery.
   313 | D:1      | Bought a potion of curing for 39 gold pieces
   364 | D:1      | Reached skill level 1 in Fighting
   676 | D:1      | Reached XP level 3. HP: 20/20 MP: 8/10
   680 | D:1      | Learned a level 3 spell: Stone Arrow
   772 | D:1      | Found a faded altar of an unknown god.
  1586 | D:2      | Found Zaachere's Distillery.
  1661 | D:2      | Found a runed translucent door.
  1662 | D:2      | Noticed Crazy Yiuf
  1909 | D:3      | Noticed Jessica
  1913 | D:3      | Killed Jessica
  1914 | D:3      | Reached skill level 1 in Conjurations
  1914 | D:3      | Reached XP level 4. HP: 23/25 MP: 7/12
  2017 | D:3      | Found a runed translucent gate.
  2017 | D:3      | Found a runed translucent gate.
  2017 | D:3      | Found a runed translucent gate.
  2019 | D:3      | Noticed a kobold brigand
  2019 | D:3      | Noticed lasso's ghost (amateur DEFE)
  2022 | D:3      | Noticed Terence
  2033 | D:3      | Killed Terence
  2325 | D:3      | Found a bloodstained altar of Trog.
  2620 | D:3      | Found a burning altar of Makhleb.
  2626 | D:3      | Noticed Sigmund
  2699 | D:4      | Found Weba's Weapon Shop.
  2703 | D:4      | Noticed Dowan
  2703 | D:4      | Noticed Duvessa
  2708 | D:4      | Killed Dowan
  2709 | D:4      | Reached XP level 5. HP: 30/30 MP: 6/13
  2974 | D:4      | Slain by Duvessa

Illustrated notes

Levels and vault maps discovered:
D:1:      saegor_arrival_simple_c, layout_basic, serial_shops, shop,
          chequers_ecumenical_altar_simple, minmay_misc_feat_cross
D:2:      layout_rooms, serial_shops, shop, uniq_crazy_yiuf_cottage
D:3:      layout_loops_ring, bloody_trog, mainiacjoe_overflow_cross_hatched,
          gammafunk_ghost_nasty_kobolds, corexii_item_surrounded_by_moat,
          grunt_decor_junction, uniq_sigmund, uniq_terence, uniq_jessica
D:4:      layout_basic, serial_shops, shop, gammafunk_ghost_necromancy,
          mrwooster_statue_mirror, hangedman_decor_push,
          minmay_a_box_with_orc_wizards_in_it, uniq_duvessa, uniq_ijyb

Skill      XL: |  1  2  3  4 |
---------------+-------------+-----
Fighting       | 1 2 |  2.0
Earth Magic    | 4 |  4.5
Spellcasting   | 4 |  4.6
Conjurations   | 1 2 |  2.1
Dodging        | |  2.4
Stealth        | |  2.4
Transmutations | |  1.1

Action                     |  1- 3 |  4- 6 || total
---------------------------+-------+-------++-------
  Melee: Rapier            |     4 |       ||     4
   Cast: Sandblast         |    56 |    27 ||    83
         Stone Arrow       |       |     5 ||     5
    Use: Scroll            |     2 |     4 ||     6
         Potion            |       |     4 ||     4
 Armour: Robe              |     6 |     1 ||     7
  Dodge: Dodged            |    22 |    11 ||    33
